 Dungeon Crawl Stone Soup version 0.25-a0-87-ga3d287bc14 (webtiles) character file.

Game seed: 1232075944881939898, levelgen mode: deterministic

130 Lanoc the Skirmisher (level 4, -2/37 HPs)
             Began as a Demonspawn Chaos Knight on Nov 10, 2019.
             Was a Plaything of Xom.
             Slain by Robin
             ... wielding a +0 trident
              (7 damage)
             ... on level 3 of the Dungeon.
             The game lasted 00:03:40 (1438 turns).

Lanoc the Skirmisher (Demonspawn Chaos Knight)      Turns: 1438, Time: 00:03:41

Health: -2/37      AC:  7    Str: 12    XL:     4   Next: 89%
Magic:  4/4        EV: 15    Int: 13    God:    Xom [..*...]
Gold:   167        SH:  0    Dex: 14    Spells: 3/3 levels left

rFire    . . .     SeeInvis .   a - +0 falchion (chaos)
rCold    . . .     Gourm    .   (no shield)
rNeg     . . .     Faith    .   b - +2 leather armour
rPois    .         Spirit   .   (no helmet)
rElec    .         Reflect  .   (no cloak)
rCorr    .         Harm     .   (no gloves)
MR       .....                  (no boots)
Stlth    +.........             (no amulet)
HPRegen  0.12/turn              r - +3 ring of evasion
MPRegen  0.09/turn              (no ring)

@: no status effects
A: molten scales 1, rot immunity
a: Renounce Religion


You were on level 3 of the Dungeon.
You worshipped Xom.
You were a toy of Xom.
You were very hungry.

You visited 1 branch of the dungeon, and saw 3 of its levels.

You collected 167 gold pieces.

Inventory:

Hand Weapons
 a - a +0 falchion of chaos (weapon)
 k - a +2 long sword of freezing
Missiles
 d - 3 poisoned darts (quivered)
Armour
 b - a +2 leather armour (worn)
 m - a +0 chain mail
Jewellery
 r - a +3 ring of evasion (left hand)
Wands
 o - a wand of paralysis (3)
Scrolls
 f - a scroll of remove curse {unknown}
 g - 6 scrolls of identify {unknown}
 l - 4 scrolls of teleportation {unknown}
 q - a scroll of random uselessness {unknown}
Potions
 e - 3 potions of degeneration {unknown}
 h - a potion of brilliance {unknown}
 i - a potion of berserk rage {unknown}
 j - a potion of cancellation {unknown}
 n - a potion of lignification {unknown}
 p - a potion of heal wounds {unknown}
 s - a potion of magic {unknown}
Comestibles
 c - 3 rations


   Skills:
 + Level 4.0 Fighting
 - Level 2.6 Long Blades
 + Level 3.0 Armour
 + Level 2.5 Dodging


You had 3 spell levels left.
You didn't know any spells.
Your spell library was empty.

Dungeon Overview and Level Annotations

Branches:
Dungeon (3/15)

Altars:
Dithmenos
Kikubaaqudgha
Vehumet
Zin

Annotations:
D:3 Robin


Innate Abilities, Weirdness & Mutations

You are partially covered in molten scales. (AC +2)
You are immune to rotting.


Message History

The goblin is moderately wounded.
Robin closely misses you. The goblin closely misses you.
Robin says, "Duck!"
Robin hits you from afar with a +0 trident.
* * * LOW HITPOINT WARNING * * *
You hit the goblin.
You kill the goblin!
Robin misses you. Robin hits you with a +0 trident.
* * * LOW HITPOINT WARNING * * *
Items here: ( )) †† a +0 dagger; a +0 club; 14 poisoned darts; a goblin corpse; a hobgoblin corpse You hit Robin.
You freeze Robin.
Robin is moderately wounded.
Robin hits you but does no damage.
You are feeling very hungry.
You hit Robin but do no damage.
Robin is moderately wounded.
Robin hits you with a +0 trident!
You die...

#########.# #.# #
#.# # ###.# #
#...# # #.### # .
#.# # ... #.# #
.....#####.######
...(.(g@.)........
##################


You could see Robin.

Vanquished Creatures
  Ijyb (D:3)
  3 adders (D:2)
  A worm (D:2)
  4 dart slugs
  A leopard gecko (D:2)
  5 orcs (D:3)
  5 bats
  A giant cockroach (D:2)
  17 goblins
  12 hobgoblins
  3 jackals (D:3)
  2 frilled lizards (D:1)
  A kobold (D:1)
  3 rats
59 creatures vanquished.

Notes
Turn   | Place    | Note
-------+----------+-------------------------------------------
     0 | D:1      | Lanoc the Demonspawn Chaos Knight began the quest for the
                  | Orb.
     0 | D:1      | Reached XP level 1. HP: 18/18 MP: 1/1
    34 | D:1      | Reached skill level 1 in Dodging
    76 | D:1      | Gained mutation: You are partially covered in molten
                  | scales. (AC +2) [demonic ancestry]
    76 | D:1      | Reached XP level 2. HP: 22/24 MP: 2/2
   284 | D:1      | XOM: smoke on damage
   597 | D:2      | Found a shadowy altar of Dithmenos.
   619 | D:2      | Gained mutation: You are immune to rotting. [demonic
                  | ancestry]
   619 | D:2      | Reached XP level 3. HP: 22/29 MP: 3/3
   729 | D:2      | XOM: harmless Conj miscast
   766 | D:2      | XOM: divination: magic mapping
   836 | D:2      | Reached XP level 4. HP: 33/37 MP: 4/4
   980 | D:2      | XOM: mild Air miscast
  1011 | D:2      | Found a glowing silver altar of Zin.
  1011 | D:2      | Found an ancient bone altar of Kikubaaqudgha.
  1012 | D:2      | Found a radiant altar of Vehumet.
  1124 | D:2      | XOM: harmless Conj miscast
  1137 | D:3      | Noticed Ijyb
  1139 | D:3      | Paralysed by Ijyb for 4 turns
  1146 | D:3      | Paralysed by Ijyb for 7 turns
  1148 | D:3      | XOM: cast spell 'Summon Ice Beast'
  1159 | D:3      | Paralysed by Ijyb for 6 turns
  1168 | D:3      | Killed Ijyb
  1184 | D:3      | Reached skill level 4 in Fighting
  1390 | D:3      | Noticed Robin
  1396 | D:3      | XOM: harmless Fire miscast
  1438 | D:3      | Slain by Robin

Levels and vault maps discovered:
D:1:      eino_arrival_water_star, layout_loops_cross, minmay_tall_x
D:2:      layout_basic, chequers_temple_overflow_statue_of_worship,
          nicolae_dithmenos_shadow_blocks
D:3:      layout_loops_ring, uniq_ijyb, uniq_robin, uniq_crazy_yiuf_cottage

Skill      XL: |  1  2  3  4 |
---------------+-------------+-----
Dodging        | 1 2 |  2.5
Armour         | 2 3 |  3.0
Fighting       | 4 |  4.0
Long Blades    | |  2.6

Action                   |  1- 3 |  4- 6 || total
-------------------------+-------+-------++-------
Melee: Falchion          |    98 |    40 ||   138
Throw: Dart              |       |    51 ||    51
 Stab: Confused          |       |     1 ||     1
  Eat: Chunk             |       |     1 ||     1
Armor: Leather armour    |    34 |    48 ||    82
Dodge: Dodged            |    73 |    65 ||   138
       Rpst.: Falchion   |    23 |    23 ||    46

Table legend:
 A = Non-vault XP
 B = Vault XP
 C = Vault XP percentage of total XP
 D = Non-vault monster count
 E = Vault monster count
 F = Vault count percentage of total count
                 A         B        C        D         E       F
            +---------+---------+-------+---------+---------+-------
      Total |     124 |      62 |  33.3 |      44 |      15 |  25.4
            +---------+---------+-------+---------+---------+-------
        D:1 |      26 |       9 |  25.7 |      14 |       4 |  22.2
        D:2 |      72 |       0 |   0.0 |      20 |       0 |   0.0
        D:3 |      26 |      53 |  67.1 |      10 |      11 |  52.4
            +---------+---------+-------+---------+---------+-------
